 Seeded DCSS version 0.30.1-9-gdf580d7c3d (webtiles) character file.

Game seed: 8617203140785432855 (custom seed)

127312 Psyclone the Cursed (level 17, 0/133 HPs)
             Began as a Gnoll Venom Mage on Oct 24, 2023.
             Was an Initiate of Ashenzari.
             Succumbed to nagaraja's concentrated venom
             ... on level 2 of the Snake Pit on Oct 25, 2023.
             The game lasted 01:50:45 (33595 turns).

Psyclone the Cursed (Gnoll Venom Mage)             Turns: 33595, Time: 01:50:46

Health: 0/133      AC: 16    Str:  2    XL:     17   Next: 0%
Magic:  23/34      EV: 20    Int: 33    God:    Ashenzari [......]
Gold:   1917       SH: 10    Dex: 19    Spells: 6/42 levels left

rFire   . . .        P - +5 rapier "Rompufea" {spect, rCorr}
rCold   + . .        h - +2 buckler
rNeg    . . .        D - +2 robe {Archmagi}
rPois   +            N - +2 helmet "Sibylline Insecurity" {Self, Fort} (curse)
rElec   +            u - +0 cloak {rPois}
rCorr   +            m - +1 pair of gloves "Sadoick" {Will+++ Str-2 Dex+5}
SInv    +            Y - +2 pair of boots
Will    ++++.        (no amulet)
Stlth   +++++        j - ring of Xom's Attic {rElec rPois rC+ Str-4 Int+6 SInv}
HPRegen 0.42/turn    O - +6 ring of intelligence
MPRegen 0.24/turn

%: archmagi
@: lethally poisoned (0 -> -2), slightly contaminated, slowed, very slow
A: fangs 1, strong nose, distributed training, wild magic 1
a: Renounce Religion, Curse Item, Shatter the Chains


You were on level 2 of the Snake Pit.
You worshipped Ashenzari.
Ashenzari was noncommittal.
You visited 5 branches of the dungeon, and saw 25 of its levels.
You also visited: Bailey.

You collected 3932 gold pieces.
You spent 2015 gold pieces at shops.

Inventory:

Hand Weapons
 P - the +5 rapier "Rompufea" (weapon) {spect, rCorr}
   (You found it on level 2 of the Lair of Beasts)

   rCorr:     It protects you from acid and corrosion.
Armour
 h - a +2 buckler (worn)
 k - an orb of energy
 m - the +1 pair of gloves "Sadoick" (worn) {Will+++ Str-2 Dex+5}
   (You acquired it on level 3 of the Dungeon)

   Str:       It affects your strength (-2).
   Dex:       It affects your dexterity (+5).
   Will:      It greatly increases your willpower.
 u - a +0 cloak of poison resistance (worn)
 D - a +2 robe of the Archmagi (worn)
 N - the cursed +2 helmet "Sibylline Insecurity" (worn) {Self, Fort}
   (You found it on level 9 of the Dungeon)

   It has a curse which improves the following skills: Introspection: Fighting
   and Spellcasting.
   Fortitude: Armour and Shields.
 Y - a +2 pair of boots (worn)
Jewellery
 j - the ring of Xom's Attic (left hand) {rElec rPois rC+ Str-4 Int+6 SInv}
   (You bought it in a shop on level 2 of the Orcish Mines)

   [ring of intelligence]

   Str:       It affects your strength (-4).
   Int:       It affects your intelligence (+6).
   rC:        It protects you from cold.
   rElec:     It insulates you from electricity.
   rPois:     It protects you from poison.
   SInv:      It lets you see invisible.
 x - a ring of protection from cold
 F - a ring of wizardry
 O - a +6 ring of intelligence (right hand)
 S - an amulet of the acrobat
Wands
 c - a wand of iceblast (3)
 e - a wand of flame (71)
 o - a wand of acid (13)
 K - a wand of polymorph (6)
 Q - a wand of charming (10)
Scrolls
 l - 2 scrolls of fog
 p - 10 scrolls of identify {@r1}
 q - 6 scrolls of teleportation
 t - 3 scrolls of silence {!r}
 w - 5 scrolls of immolation
 y - a scroll of magic mapping
 z - 6 scrolls of enchant armour
 A - 2 scrolls of fear
 H - 2 scrolls of butterflies
 I - 2 scrolls of amnesia
 J - 2 scrolls of enchant weapon
 R - 2 scrolls of brand weapon
 T - a scroll of poison
 X - a scroll of blinking
Potions
 a - 3 potions of haste
 b - 2 potions of magic
 d - a potion of berserk rage
 f - 3 potions of degeneration
 g - 5 potions of flight
 i - 2 potions of brilliance
 n - 14 potions of curing
 s - 3 potions of might
 B - a potion of cancellation
 E - 2 potions of lignification
 G - 6 potions of heal wounds
 L - 4 potions of attraction
 M - a potion of ambrosia
 U - a potion of mutation
 V - 2 potions of invisibility
Miscellaneous
 W - a phantom mirror


   Skills:
 + Level 11.7(12.1) Fighting
 + Level 11.7 Short Blades
 + Level 11.7 Long Blades
 + Level 11.7 Axes
 + Level 11.7 Maces & Flails
 + Level 11.7 Polearms
 + Level 11.7 Staves
 + Level 11.7 Ranged Weapons
 + Level 11.7 Throwing
 + Level 11.7(12.1) Armour
 + Level 12.5 Dodging
 + Level 12.4 Stealth
 + Level 11.7(12.1) Shields
 + Level 11.7 Unarmed Combat
 + Level 12.7(13.0) Spellcasting
 + Level 9.9 Conjurations
 + Level 9.9 Hexes
 + Level 9.9 Summonings
 + Level 9.9 Necromancy
 + Level 9.9 Translocations
 + Level 10.1 Transmutations
 + Level 9.9 Fire Magic
 + Level 9.9 Ice Magic
 + Level 9.9 Air Magic
 + Level 9.9 Earth Magic
 + Level 11.3 Poison Magic
 + Level 12.7 Invocations
 + Level 11.7 Evocations


You had 6 spell levels left.
You knew the following spells:

 Your Spells              Type           Power      Damage    Failure   Level
a - Poisonous Vapours     Pois/Air       100%       N/A       1%          2
b - Sticky Flame          Conj/Fire      100%       2d11      1%          4
c - Arcjolt               Conj/Air       53%        1d63      3%          5
d - Mephitic Cloud        Conj/Pois/Air  100%       N/A       1%          3
e - Irradiate             Conj/Tmut      53%        3d29      3%          5
g - Orb of Destruction    Conj           53%        9d13      52%         7
r - Swiftness             Air            100%       N/A       1%          3
s - Ignite Poison         Fire/Tmut/Pois 100%       N/A       1%          3
x - Olgreb's Toxic Radia  Pois           100%       N/A       1%          4

Your spell library contained the following spells:

 Spells                   Type           Power      Damage    Failure   Level
 Slow                     Hex            100%       N/A       1%          1
 Sting                    Tmut/Pois      100%       1d8       1%          1
 Ensorcelled Hibernation  Hex/Ice        100%       N/A       1%          2
 Passwall                 Tmut/Erth      89%        N/A       1%          2
 Sublimation of Blood     Necr           100%       N/A       1%          2
 Confusing Touch          Hex            100%       N/A       1%          3
 Gell's Gravitas          Tloc           100%       N/A       1%          3
 Spider Form              Tmut/Pois      100%       N/A       1%          3
 Summon Guardian Golem    Hex/Summ       100%       N/A       1%          3
 Teleport Other           Tloc           100%       N/A       1%          3
 Vampiric Draining        Necr           100%       2d13      1%          3
 Vhi's Electric Charge    Tloc/Air       100%       N/A       1%          3
 Anguish                  Hex/Necr       53%        N/A       1%          4
 Petrify                  Tmut/Erth      100%       N/A       1%          4
 Summon Lightning Spire   Summ/Air       100%       N/A       1%          4
 Dispersal                Tloc           53%        N/A       13%         6
 Spellforged Servitor     Conj/Summ      53%        N/A       52%         7
 Storm Form               Tmut/Air       53%        N/A       52%         7
 Ignition                 Fire           53%        3d15      99%         8
 Maxwell's Capacitive Co  Air            53%        ∞         99%         8


Dungeon Overview and Level Annotations

Branches:
Dungeon (15/15) Zot: 25165  Temple (1/1) D:5 Zot: 5852    Lair (5/5) D:11 Zot: 22308
 Shoals (0/4) Lair:3        Snake (2/4) Lair:2 Zot: 10983   Slime (0/5) Lair:4
    Orc (2/2) D:11 Zot: 8912     Elf (0/3) Orc:2        Vaults (0/5) D:14
 Depths (0/4) D:15         Bailey (visited)

Altars:
Ashenzari
Cheibriados
Dithmenos
Elyvilon
Fedhas
Gozag
Hepliaklqana
Kikubaaqudgha
Makhleb
Nemelex Xobeh
Okawaru
Qazlal
Ru
Sif Muna
Trog
Uskayaw
Vehumet
Wu Jian
Xom
Yredelemnul
Zin
The Shining One

Shops:
D:1 (   D:7 =   Orc:1 =(:=   Orc:2 *[!([[*=

Annotations:
D:7 1 runed translucent door, Rem's ghost, novice OpTm
D:9 2 runed translucent doors, booth's ghost, journeyman DsGl
Lair:1 2 transporters, turdburglar's ghost, journeyman GnWn


Innate Abilities, Weirdness & Mutations

You have very sharp teeth.
Your uncanny sense of smell can sniff out nearby items.
Your experience applies equally to all skills.
Your spells are a little harder to cast, but a little more powerful.


Message History

You block the naga mage's attack. The naga mage misses you.
The nagaraja spits poison at you.
The splash of poison hits you but does no damage.
You are poisoned.
You have difficulty breathing.
You feel as though you will be slow longer.
The nagaraja constricts you. The naga mage spits poison at you.
You block the splash of poison.
You take 8 damage, and have 51/133 hp.
Casting: Irradiate (dangerous; 3% risk of failure)
Confirm with . or Enter, or press ? or * to list all spells.
You feel a surge of power!
You erupt in a fountain of uncontrolled magic!
The naga mage is blasted with magical radiation!!!
You kill the naga mage!
The nagaraja is blasted with magical radiation!!!
The nagaraja is severely wounded.
You are lightly contaminated with residual magic.
You feel sick.
The nagaraja no longer looks unusually toxic.
The nagaraja misses you. The nagaraja constricts you.
The naga warrior hits you from afar with a +0 heavy halberd!!
* * * LOW HITPOINT WARNING * * *
The nagaraja barely misses you. The nagaraja constricts you.
* * * LOW HITPOINT WARNING * * *
You take 33 damage, and have 18/133 hp.
MASSIVE DAMAGE!!
You now have 23/34 mp.
You escape the nagaraja's grasp.
The nagaraja attacks as you move away! The nagaraja hits you with a +0 whip.
* * * LOW HITPOINT WARNING * * *
You block the nagaraja's attack.
You feel sick.
The naga warrior hits you with a +0 heavy halberd!
* * * LOW HITPOINT WARNING * * *
You block the naga warrior's attack.
You take 17 damage, and have 1/133 hp.
Okay, then.
Okay, then.
As you read the scroll of magic mapping, it crumbles to dust.
You feel aware of your surroundings.
You die...

*,,,,,,,.......,,......,,,,,,,,,*
*,,,,,,,.......,.......,,,,,,,,,*
*,,,,,,,,,.....,.......,........#
*,,,,,,,,,,....,.....,,,,.......#
*,,,,,,,<.,##..##..##,,,,,......#
*,,,,,***#.#........##****#.....#
*,,,,,***#...........######.....#
*,,,,,,,,##.....N)...............
*,,,,,,,,*##...>@...#............
*,,,,,,,,**#....N...#............
*,,,,,,,,*#......))..............
*,,,,,,,,*#........††............
*,,,,,,,,*##........#............
*,,,,,,,,* ##..##..##.....#......
*,,,,,**** ##.....##.....##...##
*,,,,********##....##.....##...##
*,,,,**,,,,,,......##.....##...##


You could see a nagaraja and a naga warrior (curare).

Vanquished Creatures
  2 nagarajas (Snake:1)
  An orc warlord (Orc:2)
  An ironbound preserver (D:14)
  A caustic shrike skeleton (D:15)
  A stone giant (D:15)
  Nessos (D:12)
  A minotaur (Lair:1)
  A dire elephant (Lair:5)
  The ghost of foxicus the Cleaver, a journeyman HOFi of Trog (D:13)
  Snorg (Orc:2)
  2 spriggan zombies (D:15)
  2 vault guards (Bailey)
  5 hydras
  A catoblepas (D:14)
  A merfolk avatar (Lair:5)
  A boulder beetle (D:13)
  An ogre mage (D:15)
  4 anacondas (Snake:1)
  3 centaur warriors (D:15)
  9 two-headed ogres
  9 death yaks
  7 tengu warriors
  2 naga warriors (Snake:1)
  3 orc high priests (Orc:2)
  Sonja (D:11)
  A naga sharpshooter (Snake:1)
  3 soul eaters (D:15)
  2 skysharks
  4 skeletal warriors (D:14)
  12 slime creatures
  A naga ritualist (Snake:1)
  3 deep elf pyromancers
  2 frost giant zombies (D:15)
  9 cyclopes
  A harpy (Lair:5)
  2 manticores
  An oklob plant (Lair:5)
  17 ugly things
  A sphinx skeleton (D:15)
  2 mana vipers (Snake:1)
  6 orc knights
  4 orc sorcerers (Orc:2)
  3 salamanders (Snake:1)
  A merfolk siren (Lair:3)
  2 guardian serpents (Snake:1)
  9 naga magi
  19 elephants
  16 black mambas
  21 cane toads
  A stone giant skeleton (D:15)
  2 gargoyles (D:12)
  2 torpor snails
  An efreet (D:14)
  6 komodo dragons
  2 kobold demonologists (D:10)
  5 rime drakes (Lair:5)
  2 spriggan skeletons (D:15)
  A tengu conjurer (D:14)
  10 trolls
  3 meliai (D:10)
  A polar bear (Lair:5)
  2 wind drakes (Lair:5)
  Prince Ribbit (D:7)
  2 hornets
  Grinder (D:3)
  A snapping turtle (Lair:5)
  2 dream sheep (Lair:5)
  9 blink frogs
  An ettin zombie (D:15)
  A centaur simulacrum (D:15)
  A shadow (D:9)
  A vampire (D:14)
  37 yaks
  8 wyverns
  4 humans (Bailey)
  A wraith (D:11)
  2 steam dragons
  4 basilisks
  Menkaure (D:6)
  13 wargs
  12 vampire mosquitoes
  12 nagas
  2 acid dragons
  14 water moccasins
  A hell hound (D:10)
  2 ice beasts
  A black bear (D:8)
  36 orc warriors
  6 ogres
  15 centaurs
  6 wolves (Lair:5)
  6 kobold brigands
  2 phantoms
  Blork the orc (D:6)
  25 bullfrogs
  12 gnoll sergeants
  A scorpion (D:4)
  7 wights
  14 killer bees
  2 electric eels
  8 howler monkeys
  A jelly (D:8)
  5 gnoll boudas (D:10)
  4 hounds
  32 orc priests
  Crazy Yiuf (D:5)
  Jessica (D:2)
  5 iguanas
  Terence (D:2)
  39 orc wizards
  Robin (D:2)
  5 adders
  17 gnolls
  An ufetubus (D:7)
  4 worms
  2 dart slugs
  80 orcs
  10 bats
  A bat zombie (D:11)
  4 endoplasms
  2 giant cockroaches (D:1)
  14 goblins
  14 hobgoblins
  8 jackals
  4 quokkas
  6 ball pythons
  A frilled lizard (D:1)
  16 kobolds
  2 rats (D:2)
  A rat zombie (D:11)
799 creatures vanquished.

Vanquished Creatures (others)
  A cane toad (Lair:5)
  A kobold (D:8)
  3 spectral weapons
5 creatures vanquished.

Grand Total: 804 creatures vanquished

Notes
Turn   | Place    | Note
-------+----------+-------------------------------------------
     0 | D:1      | Psyclone the Gnoll Venom Mage began the quest for the Orb.
     0 | D:1      | Reached XP level 1. HP: 13/13 MP: 6/6
   272 | D:1      | Reached XP level 2. HP: 17/20 MP: 5/7
   316 | D:1      | Learned a level 2 spell: Poisonous Vapours
   527 | D:1      | Found Doiquot's Antique Weapon Shop.
   787 | D:2      | Noticed Jessica
   794 | D:2      | Killed Jessica
   795 | D:2      | Reached skill level 1 in Fighting
   795 | D:2      | Reached skill level 1 in Short Blades
   795 | D:2      | Reached skill level 1 in Long Blades
   795 | D:2      | Reached skill level 1 in Axes
   795 | D:2      | Reached skill level 1 in Maces & Flails
   795 | D:2      | Reached skill level 1 in Polearms
   795 | D:2      | Reached skill level 1 in Staves
   795 | D:2      | Reached skill level 1 in Ranged Weapons
   795 | D:2      | Reached skill level 1 in Throwing
   795 | D:2      | Reached skill level 1 in Armour
   795 | D:2      | Reached skill level 1 in Shields
   795 | D:2      | Reached skill level 1 in Unarmed Combat
   795 | D:2      | Reached skill level 5 in Spellcasting
   795 | D:2      | Reached skill level 1 in Invocations
   795 | D:2      | Reached skill level 1 in Evocations
   795 | D:2      | Reached XP level 3. HP: 18/26 MP: 3/9
   867 | D:1      | Learned a level 3 spell: Mephitic Cloud
   868 | D:2      | Noticed Robin
   881 | D:2      | Killed Robin
   882 | D:2      | Reached XP level 4. HP: 22/32 MP: 2/11
  1016 | D:1      | Gained mutation: You are clumsy. (Dex -2) [potion of
                  | mutation]
  1016 | D:1      | Gained mutation: You are robust. (+10% HP) [potion of
                  | mutation]
  1018 | D:1      | Lost mutation: You are clumsy. (Dex -2) [potion of
                  | mutation]
  1018 | D:1      | Lost mutation: You are robust. (+10% HP) [potion of
                  | mutation]
  1018 | D:1      | Gained mutation: You are agile. (Dex +4, Str/Int -1)
                  | [potion of mutation]
  1018 | D:1      | Lost mutation: You are agile. (Dex +4, Str/Int -1) [potion
                  | of mutation]
  1018 | D:1      | Gained mutation: Your spells are a little harder to cast,
                  | but a little more powerful. [potion of mutation]
  1340 | D:2      | Found a faded altar of an unknown god.
  1363 | D:2      | Reached skill level 1 in Conjurations
  1363 | D:2      | Reached skill level 1 in Hexes
  1363 | D:2      | Reached skill level 1 in Summonings
  1363 | D:2      | Reached skill level 1 in Necromancy
  1363 | D:2      | Reached skill level 1 in Translocations
  1363 | D:2      | Reached skill level 1 in Fire Magic
  1363 | D:2      | Reached skill level 1 in Ice Magic
  1363 | D:2      | Reached skill level 1 in Air Magic
  1363 | D:2      | Reached skill level 1 in Earth Magic
  1495 | D:2      | Noticed Terence
  1527 | D:2      | Killed Terence
  1528 | D:2      | Reached XP level 5. HP: 32/37 MP: 4/12
  2377 | D:2      | Learned a level 4 spell: Olgreb's Toxic Radiance
  2872 | D:3      | Noticed Grinder
  2882 | D:3      | Paralysed by Grinder for 4 turns
  2889 | D:3      | Killed Grinder
  2890 | D:3      | Reached skill level 5 in Dodging
  2890 | D:3      | Reached XP level 6. HP: 16/44 MP: 9/14
  3046 | D:3      | Found the dreamshard necklace {*Dream Drain}
  3223 | D:3      | Identified a scroll of acquirement
  3223 | D:3      | Acquired the +1 pair of gloves "Sadoick" {Will+++ Str-2
                  | Dex+5}
  3609 | D:4      | Reached XP level 7. HP: 25/51 MP: 15/15
  3723 | D:4      | Found a basalt altar of Yredelemnul.
  4351 | D:4      | Found a stormy altar of Qazlal.
  4524 | D:4      | Identified the orb "Igashrem" {*Rage, +Blink rPois SInv}
  4566 | D:4      | Reached skill level 5 in Stealth
  5049 | D:5      | Entered Level 5 of the Dungeon
  5074 | D:5      | Found a broken altar of Ashenzari.
  5102 | D:5      | Became a worshipper of Ashenzari the Shackled
  5159 | D:5      | Identified the +0 leather armour of Prudence {-Cast Contam
                  | rN+++ Dex+8}
  5334 | D:5      | Found a blossoming altar of Fedhas.
  5573 | D:5      | Found a staircase to the Ecumenical Temple.
  5581 | Temple   | Entered the Ecumenical Temple
  5869 | D:5      | Found a runed translucent door.
  5870 | D:5      | Noticed Crazy Yiuf
  5888 | D:5      | Killed Crazy Yiuf
  6307 | D:5      | Reached XP level 8. HP: 53/58 MP: 5/16
  6417 | D:5      | Learned a level 3 spell: Ignite Poison
  6641 | D:6      | Found a sparkling altar of Nemelex Xobeh.
  6686 | D:6      | Found an ornate altar of the Wu Jian Council.
  6872 | D:6      | Found a shimmering blue altar of Sif Muna.
  6984 | D:6      | Noticed Blork the orc
  6996 | D:6      | Killed Blork the orc
  7008 | D:6      | Acquired 835 gold pieces
  7116 | D:6      | Noticed Menkaure
  7339 | D:6      | Killed Menkaure
  7488 | D:7      | Reached XP level 9. HP: 65/65 MP: 12/18
  7514 | D:7      | Found a runed translucent door.
  7514 | D:7      | Noticed a cyclops
  7514 | D:7      | Noticed Rem's ghost (novice OpTm)
  7682 | D:7      | Found Veowkoi's Jewellery Emporium.
  7685 | D:7      | Noticed Prince Ribbit
  7690 | D:7      | Killed Prince Ribbit
  7924 | D:7      | Found a radiant altar of Vehumet.
  8436 | D:8      | Found a shimmering altar of Xom.
  8467 | D:8      | Identified the +5 rapier of Responsibility {vamp, +Blink
                  | rC+}
  8541 | D:8      | Reached skill level 5 in Invocations
  8825 | D:8      | Found a flagged portal.
  8880 | Bailey   | Entered a bailey
  8964 | Bailey   | Reached skill level 5 in Fighting
  8964 | Bailey   | Reached skill level 5 in Short Blades
  8964 | Bailey   | Reached skill level 5 in Long Blades
  8964 | Bailey   | Reached skill level 5 in Axes
  8964 | Bailey   | Reached skill level 5 in Maces & Flails
  8964 | Bailey   | Reached skill level 5 in Polearms
  8964 | Bailey   | Reached skill level 5 in Staves
  8964 | Bailey   | Reached skill level 5 in Ranged Weapons
  8964 | Bailey   | Reached skill level 5 in Throwing
  8964 | Bailey   | Reached skill level 5 in Armour
  8964 | Bailey   | Reached skill level 5 in Shields
  8964 | Bailey   | Reached skill level 5 in Unarmed Combat
  8964 | Bailey   | Reached skill level 5 in Evocations
  8964 | Bailey   | Reached XP level 10. HP: 74/74 MP: 12/20
  9250 | Bailey   | Reached skill level 5 in Transmutations
  9302 | Bailey   | Noticed a vault guard
  9307 | Bailey   | Killed a vault guard
  9400 | Bailey   | Noticed a vault guard
  9403 | Bailey   | Killed a vault guard
  9424 | Bailey   | Acquired 692 gold pieces
  9609 | D:1      | Bought an ichor-stained eveningstar for 440 gold pieces
  9609 | D:1      | Identified the +0 eveningstar "Eshrakar" {spect, rN++ MP+9
                  | Dex-2} (You bought it in a shop on level 1 of the Dungeon)
 10730 | D:9      | Reached skill level 5 in Conjurations
 10730 | D:9      | Reached skill level 5 in Hexes
 10730 | D:9      | Reached skill level 5 in Summonings
 10730 | D:9      | Reached skill level 5 in Necromancy
 10730 | D:9      | Reached skill level 5 in Translocations
 10730 | D:9      | Reached skill level 5 in Fire Magic
 10730 | D:9      | Reached skill level 5 in Ice Magic
 10730 | D:9      | Reached skill level 5 in Air Magic
 10730 | D:9      | Reached skill level 5 in Earth Magic
 10730 | D:9      | Reached XP level 11. HP: 81/81 MP: 14/22
 11136 | D:9      | Learned a level 4 spell: Sticky Flame
 11494 | D:9      | Found a large runed translucent door.
 11497 | D:9      | Found a large runed translucent door.
 11500 | D:9      | Noticed booth's ghost (journeyman DsGl)
 11589 | D:10     | Entered Level 10 of the Dungeon
 12933 | D:10     | Noticed a cyclops
 13276 | D:10     | Noticed a cyclops
 13334 | D:10     | Noticed a cyclops
 13335 | D:10     | Killed a cyclops
 13335 | D:10     | Noticed a two-headed ogre
 13337 | D:10     | Killed a cyclops
 13337 | D:10     | Noticed a cyclops
 13340 | D:10     | Killed a cyclops
 13570 | D:10     | Killed a two-headed ogre
 13571 | D:10     | Reached XP level 12. HP: 91/91 MP: 17/25
 14872 | D:11     | Noticed Sonja
 14878 | D:11     | Killed Sonja
 14995 | D:11     | Found a staircase to the Orcish Mines.
 15656 | D:11     | Noticed a two-headed ogre
 15660 | D:11     | Killed a two-headed ogre
 15715 | D:11     | Found a staircase to the Lair.
 16040 | D:11     | Found an ancient bone altar of Kikubaaqudgha.
 16184 | Orc:1    | Entered Level 1 of the Orcish Mines
 16352 | Orc:1    | Found Zexic's Weapon Emporium.
 16398 | Orc:1    | Found Pelaygunoh's Jewellery Boutique.
 16407 | Orc:1    | Bought a ring of wizardry for 480 gold pieces
 16572 | Orc:1    | Found Isaddin's Jewellery Boutique.
 16660 | Orc:1    | Found Peab's Book Shoppe.
 16674 | Orc:1    | Bought a book of Burglary for 240 gold pieces
 16678 | Orc:1    | Learned a level 3 spell: Swiftness
 17198 | Orc:2    | Entered Level 2 of the Orcish Mines
 17198 | Orc:2    | Found a staircase to the Elven Halls.
 17198 | Orc:2    | Found Geschoaro's Armour Boutique.
 17402 | Orc:2    | Found Xivaextiew's Armour Boutique.
 17464 | Orc:2    | Found Siod's Distillery.
 17626 | Orc:2    | Found Eliblist's General Store.
 17846 | Orc:2    | Noticed Snorg
 17851 | Orc:2    | Killed Snorg
 17852 | Orc:2    | Reached XP level 13. HP: 99/99 MP: 16/27
 18401 | Orc:2    | Noticed an orc warlord
 18411 | Orc:2    | Killed an orc warlord
 18437 | Orc:2    | Reached skill level 10 in Spellcasting
 18984 | Orc:2    | Found Emuddoax's General Store.
 18990 | Orc:2    | Found Cynguan's Antique Armour Shop.
 19031 | Orc:2    | Found Byecisch's Antique Weapon Boutique.
 19033 | Orc:2    | Found Cummoq's Jewellery Shop.
 19049 | Orc:2    | Bought the ring of Xom's Attic {rElec rPois rC+ Str-4 Int+6
                  | SInv} for 855 gold pieces
 19345 | Lair:1   | Entered Level 1 of the Lair of Beasts
 19756 | Lair:1   | Found a transporter.
 19771 | Lair:1   | Found a transporter.
 19774 | Lair:1   | Noticed turdburglar's ghost (journeyman GnWn)
 20263 | Lair:1   | Reached skill level 10 in Dodging
 20371 | Lair:1   | Identified the staff of earth "Dips" {rC+ rN++ Dex+2}
 20464 | Lair:1   | Found a runed translucent door.
 20990 | Lair:1   | Noticed a minotaur
 21004 | Lair:1   | Killed a minotaur
 21605 | Lair:2   | Identified the +5 rapier "Rompufea" {spect, rCorr}
 21771 | Lair:2   | Found a staircase to the Snake Pit.
 21855 | Lair:2   | Reached skill level 10 in Stealth
 22203 | Lair:2   | Reached skill level 10 in Invocations
 22203 | Lair:2   | Reached XP level 14. HP: 108/108 MP: 22/28
 22648 | Lair:2   | Learned a level 5 spell: Arcjolt
 22656 | Lair:2   | Learned a level 7 spell: Orb of Destruction
 24088 | Lair:3   | Found a staircase to the Shoals.
 24773 | Lair:4   | Found a staircase to the Slime Pits.
 25375 | Lair:5   | Entered Level 5 of the Lair of Beasts
 25420 | Lair:5   | Reached skill level 10 in Poison Magic
 25642 | Lair:5   | Reached skill level 10 in Fighting
 25642 | Lair:5   | Reached skill level 10 in Short Blades
 25642 | Lair:5   | Reached skill level 10 in Long Blades
 25642 | Lair:5   | Reached skill level 10 in Axes
 25642 | Lair:5   | Reached skill level 10 in Maces & Flails
 25642 | Lair:5   | Reached skill level 10 in Polearms
 25642 | Lair:5   | Reached skill level 10 in Staves
 25642 | Lair:5   | Reached skill level 10 in Ranged Weapons
 25642 | Lair:5   | Reached skill level 10 in Throwing
 25642 | Lair:5   | Reached skill level 10 in Armour
 25642 | Lair:5   | Reached skill level 10 in Shields
 25642 | Lair:5   | Reached skill level 10 in Unarmed Combat
 25642 | Lair:5   | Reached skill level 10 in Evocations
 25921 | Lair:5   | Reached XP level 15. HP: 102/117 MP: 12/30
 26857 | Lair:5   | Learned a level 5 spell: Irradiate
 26963 | Lair:5   | Identified the +12 trident "Nufuno" {flame, rPois rN+}
 27844 | D:12     | Noticed Nessos
 27847 | D:12     | Killed Nessos
 28448 | D:13     | Found a bloodstained altar of Trog.
 28810 | D:13     | Found a runed translucent door.
 28810 | D:13     | Noticed foxicus's ghost (journeyman HOFi)
 28837 | D:13     | Killed foxicus's ghost
 30089 | D:14     | Found a gate to the Vaults.
 30109 | D:14     | Reached XP level 16. HP: 94/125 MP: 25/32
 30345 | D:14     | Found a radiant altar of Vehumet.
 30657 | D:15     | Entered Level 15 of the Dungeon
 31598 | D:15     | Found a staircase to the Depths.
 31975 | D:15     | Found the +4 Cigotuvi's embrace {Corpsefed rMiasma Drain
                  | rN+}
 32558 | Snake:1  | Entered Level 1 of the Snake Pit
 32783 | Snake:1  | Reached skill level 10 in Transmutations
 33128 | Snake:1  | Noticed a nagaraja
 33131 | Snake:1  | Noticed a nagaraja
 33141 | Snake:1  | Killed a nagaraja
 33143 | Snake:1  | Killed a nagaraja
 33574 | Snake:2  | Noticed a nagaraja
 33578 | Snake:2  | Reached XP level 17. HP: 124/133 MP: 24/34
 33594 | Snake:2  | HP: 1/133 [naga warrior/+0 heavy halberd (12)]
 33595 | Snake:2  | Succumbed to nagaraja's concentrated venom

Illustrated notes

Levels and vault maps discovered:
D:1:      dpeg_arrival_stonehenge_12_columns, layout_basic, serial_shops, shop
D:2:      layout_basic, shapermc_ecumenical_altar_ellora, minivault_25,
          uniq_robin, uniq_terence, uniq_jessica
D:3:      layout_rooms, uniq_grinder
D:4:      layout_loops_corners, mainiacjoe_overflow_paths,
          overflow_temple_1_default
D:5:      layout_basic, kennysheep_mini_moat, overflow_temple_1_default,
          minmay_temple_entry_mist, uniq_crazy_yiuf_cottage
D:6:      layout_basic, pdpol_wu_jian_five_deadly_venoms, lemuel_round_altar,
          lemuel_coloured_pillars_altar, uniq_blork_the_orc, uniq_menkaure
D:7:      layout_basic, mainiacjoe_overflow_concentric_impassable, serial_shops,
          shop, ebering_ghost_inner_flame, uniq_prince_ribbit1
D:8:      layout_basic, mainiacjoe_overflow_brackets, enter_bailey_2,
          grunt_ministairs_4
D:9:      layout_roguey, ebering_ghost_disaster_area
D:10:     lemuel_castle_with_subvaults [lemuel_castle_interior_carwin_1],
          layout_irregular_city, minivault_16
D:11:     layout_basic, lair_entry_dummy, david_orc_3,
          lemuel_zombie_altar_kikubaaqudgha, uniq_sonja
D:12:     layout_loops_ring, uniq_nessos
D:13:     layout_roguey, ebering_ghost_reflecting_pool, bloody_trog
D:14:     layout_rooms, skrybe_vaults_entry_preservation, nicolae_titane,
          vehumet_altar_wand_db
D:15:     grunt_enter_depths_snipers, layout_long_grid, minmay_fountain_box,
          hellmonk_guarded_unrand_cigotuvi
Temple:   nicolae_temple_bog_church
Lair:1:   dreamdust_labyrinth, layout_layer_cave,
          gammafunk_ghost_berserking_beasts, beast_lair_carwin_9
Lair:2:   layout_small_grid, minmay_snake_entry_guardpost_small,
          chequers_serial_rivers_micro_d, chequers_serial_rivers_micro_e,
          lemuel_fruit_fields, lemuel_fruit_tree, infiniplex_staircase_pool_2
Lair:3:   layout_cave_pods, elwin_shoals_entry_rooms
Lair:4:   layout_loops_ring, slime_entry_1, serial_bayou_pond_e,
          beast_lair_carwin_1
Lair:5:   gammafunk_lair_ancient_temple, layout_hall_layers,
          minmay_lair_oklob_items, serial_bayou_shore_a
Snake:1:  layout_misc_corridors, hangedman_snake_sidewinding
Snake:2:  layout_grid_maze, st_stairs_5, nicolae_snake_gridmaze_zigzag
Orc:1:    layout_caves, serial_shops, nicolae_diamond_shop,
          nicolae_shop_tiny_glass, shop, nicolae_shop_real_fake_doors,
          nicolae_orc_stony_grotto, mines2_lemuel
Orc:2:    st_orc_congregation, layout_diamond_mine, serial_shops, shop_statue,
          nicolae_shop_advertising_works [nicolae_subvault_shop_adworks], shop,
          shop, uniq_snorg

Skill      XL: |  1  2  3  4  5  6  7  8  9 10 11 12 13 14 15 16 |
---------------+-------------------------------------------------+-----
Transmutations | 2 3 4 5 6 7 8 9 10 | 10.1
Fighting       | 1 2 3 5 6 7 8 9 10 11 | 11.7
Short Blades   | 1 2 3 5 6 7 8 9 10 11 | 11.7
Long Blades    | 1 2 3 5 6 7 8 9 10 11 | 11.7
Axes           | 1 2 3 5 6 7 8 9 10 11 | 11.7
Maces & Flails | 1 2 3 5 6 7 8 9 10 11 | 11.7
Polearms       | 1 2 3 5 6 7 8 9 10 11 | 11.7
Staves         | 1 2 3 5 6 7 8 9 10 11 | 11.7
Ranged Weapons | 1 2 3 5 6 7 8 9 10 11 | 11.7
Throwing       | 1 2 3 5 6 7 8 9 10 11 | 11.7
Armour         | 1 2 3 5 6 7 8 9 10 11 | 11.7
Shields        | 1 2 3 5 6 7 8 9 10 11 | 11.7
Unarmed Combat | 1 2 3 5 6 7 8 9 10 11 | 11.7
Spellcasting   | 5 6 7 8 9 10 11 12 | 12.7
Invocations    | 1 2 3 4 5 6 7 8 10 11 12 | 12.7
Evocations     | 1 2 3 5 6 7 8 9 10 11 | 11.7
Conjurations   | 1 2 3 4 5 6 7 8 9 |  9.9
Hexes          | 1 2 3 4 5 6 7 8 9 |  9.9
Summonings     | 1 2 3 4 5 6 7 8 9 |  9.9
Necromancy     | 1 2 3 4 5 6 7 8 9 |  9.9
Translocations | 1 2 3 4 5 6 7 8 9 |  9.9
Fire Magic     | 1 2 3 4 5 6 7 8 9 |  9.9
Ice Magic      | 1 2 3 4 5 6 7 8 9 |  9.9
Air Magic      | 1 2 3 4 5 6 7 8 9 |  9.9
Earth Magic    | 1 2 3 4 5 6 7 8 9 |  9.9
Dodging        | 5 6 7 8 9 10 11 12 | 12.5
Stealth        | 5 6 7 8 9 10 11 12 | 12.4
Poison Magic   | 6 7 8 9 10 11 | 11.3

Action                     |  1- 3 |  4- 6 |  7- 9 | 10-12 | 13-15 | 16-18 || total
---------------------------+-------+-------+-------+-------+-------+-------++-------
  Melee: Dagger            |       |   173 |   149 |   151 |    59 |       ||   532
         Bite              |       |    23 |    19 |    30 |    41 |    40 ||   153
         Punch             |       |     3 |     5 |     4 |       |       ||    12
         Rapier            |       |       |       |       |   212 |   217 ||   429
   Fire: Sling             |    46 |     9 |       |       |       |       ||    55
   Cast: Sting             |    26 |    27 |     9 |    10 |       |       ||    72
         Poisonous Vapours |     1 |    46 |    83 |   109 |   130 |    26 ||   395
         Mephitic Cloud    |     1 |       |    11 |    11 |    22 |     7 ||    52
         Olgreb's Toxic Ra |       |       |     6 |    39 |    49 |     8 ||   102
         Ignite Poison     |       |       |    29 |   105 |   146 |    26 ||   306
         Sticky Flame      |       |       |       |     8 |    14 |       ||    22
         Irradiate         |       |       |       |       |     7 |    21 ||    28
 Invoke: Curse Item        |       |       |       |     1 |       |       ||     1
    Use: Potion            |       |     9 |     3 |     2 |     1 |     2 ||    17
         Scroll            |       |     6 |     9 |     4 |     5 |     4 ||    28
   Stab: Sleeping          |       |     1 |     1 |     1 |     9 |     1 ||    13
         Distracted        |       |       |       |       |     8 |     7 ||    15
         Confused          |       |       |       |       |       |     1 ||     1
 Armour: Robe              |    14 |    51 |    29 |    57 |    58 |    61 ||   270
         Skin              |       |       |     1 |       |       |       ||     1
         Steam dragon scal |       |       |     2 |       |       |       ||     2
  Dodge: Dodged            |    42 |   127 |    98 |   134 |   214 |   204 ||   819
  Block: Buckler           |       |       |       |    45 |   144 |   144 ||   333
